 Dungeon Crawl Stone Soup version 0.18.1-48-g4cf74bf (webtiles) character file.

2752 infojoueur the Covert (level 9, -3/57 HPs)
             Began as an Octopode Monk on July 14, 2016.
             Slain by a killer bee (5 damage)
             ... on level 8 of the Dungeon.
             The game lasted 01:04:23 (8512 turns).

infojoueur the Covert (Octopode Monk)               Turns: 8512, Time: 01:04:23

Health: -3/57      AC:  1    Str: 13    XL:     9   Next: 68%
Magic:  9/9        EV: 16    Int: 12    God:
Gold:   355        SH:  3    Dex: 15    Spells: 1 memorised, 5 levels left

rFire  . . .     SeeInvis .     m - +2 quarterstaff (chaos)
rCold  . . .     Gourm    .     (shield currently unavailable)
rNeg   . . .     Faith    .     (helmet restricted)
rPois  +         Spirit   .     h - +3 amulet of reflection
rElec  .         Dismiss  .     w - ring of poison resistance
rCorr  .         Reflect  +     (no ring)
SustAt .         Harm     .     (no ring)
MR     .....                    (no ring)
Stlth  ++++++....               (no ring)
                                (no ring)
                                (no ring)
                                (no ring)

@: not resistant to hostile enchantments, very stealthy
A: almost no armour, amphibious, 8 rings, constrict 8, camouflage 1, frail 1,
gelatinous body 1
a: no special abilities


You were on level 8 of the Dungeon.
You were not hungry.

You visited 1 branch of the dungeon, and saw 10 of its levels.

You collected 355 gold pieces.

Inventory:

Hand Weapons
 d - a +4 hand axe of chopping
 m - a +2 quarterstaff of chaos (weapon)
 q - a +0 mace of protection
Missiles
 b - 17 sling bullets
 e - 96 arrows (quivered)
 g - 307 stones
 i - 36 poisoned needles
 y - 4 tomahawks of dispersal
Jewellery
 h - a +3 amulet of reflection (around mantle)
 w - a ring of poison resistance (left tentacle)
Wands
 k - a wand of digging (8/24)
 s - a wand of polymorph (8/24)
Scrolls
 j - 3 scrolls of enchant armour
 r - 2 scrolls of remove curse
 t - 2 scrolls of random uselessness
 v - a scroll of noise
 x - a scroll of immolation
 z - a scroll of identify
Potions
 l - a potion of beneficial mutation
 o - 2 potions of curing
 p - 3 potions of flight
Books
 A - a book of Maledictions

   Spells                             Type                      Level
   a - Corona                         Hexes                        1
   b - Ensorcelled Hibernation        Hexes/Ice                    2
   c - Confuse                        Hexes                        3
   d - Tukima's Dance                 Hexes                        3
   e - Dazzling Spray                 Conjuration/Hexes            3
 C - a book of Changes

   Spells                             Type                      Level
   a - Beastly Appendage              Transmutation                1
   b - Sticks to Snakes               Transmutation                2
   c - Spider Form                    Transmutation/Poison         3
   d - Ice Form                       Ice/Transmutation            4
   e - Blade Hands                    Transmutation                5
Comestibles
 a - 5 bread rations
 n - 2 fruits
 u - 6 beef jerkies
 B - 2 slices of pizza


   Skills:
 * Level 7.5 Fighting
   Level 0.6 Short Blades
 + Level 2.4 Axes
 + Level 3.7 Staves
 + Level 7.1 Dodging
 + Level 10.4 Stealth
 + Level 4.5 Unarmed Combat


You had 5 spell levels left.
You knew the following spells:

 Your Spells              Type           Power        Failure   Level  Hunger
a - Confuse               Hex            #.......     88%         3    ####...


Dungeon Overview and Level Annotations

Branches:
Dungeon (10/15)            Temple (0/1) D:6
   Lair: D:8-11         Orc: D:9-12

Altars:
Elyvilon
Kikubaaqudgha
Makhleb
Nemelex Xobeh
Okawaru
Trog
Yredelemnul

Shops:
D:6 (


Innate Abilities, Weirdness & Mutations

You cannot wear most types of armour.
You are amphibious.
You can wear up to eight rings at the same time.
You can use your tentacles to constrict eight enemies at once.
Your skin changes colour to match your surroundings (Stealth).
Your rubbery body absorbs attacks (AC +1).
You are frail (-10% HP).


Message History

There is a stone staircase leading down here.
You barely miss the killer bee. Your grab misses the killer bee.
You squeeze the killer bee!
The killer bee is heavily wounded.
The killer bee misses you. The killer bee completely misses you.
The killer bee stings you.
* * * LOW HITPOINT WARNING * * *
The killer bee completely misses you.
Drink which item? (? for menu, Esc to quit)
Okay, then.
Read which item? (? for menu, Esc to quit)
As you read the scroll of fog, it crumbles to dust.
The scroll dissolves into smoke.
The killer bee stings you.
* * * LOW HITPOINT WARNING * * *
The killer bee barely misses you. The killer bee stings you!
* * * LOW HITPOINT WARNING * * *
The killer bee closely misses you. The killer bee closely misses you.
The killer bee barely misses you. x2
The killer bee barely misses you. The killer bee stings you.
You die...

##.## #####.####### #.#
#.....# # #.# #.....# #
#.# #..<..# # ######.##
#.....# # #.......#
#.....# # #.####..#
#####.####### #.##....#
#........
#.##.##@##########.....#
#.##.##yy§§....# #.....#
#......§§#####.# #.....#
####...§§...##.####...##
#####.##.....####.###
#.#####.#.....##.
#.#####..#######.
#.......## #. #########
#.


You could see 2 killer bees.

Vanquished Creatures
  Pikel (D:4)
  Menkaure (D:5)
  A slave (D:4)
  2 sky beasts
  A black bear (D:9)
  2 ogres (D:8)
  2 orc warriors
  A phantom (D:8)
  An ice beast (D:8)
  2 centaurs
  2 giant frogs (D:6)
  2 scorpions (D:5)
  A jelly (D:8)
  A crimson imp (D:8)
  A centaur zombie (D:8)
  2 hounds
  Crazy Yiuf (D:2)
  4 orc priests
  6 orc wizards
  A giant frog skeleton (D:5)
  Terence (D:2)
  Natasha (thrice) (D:3)
  2 worker ants
  A hound skeleton (D:7)
  5 gnolls
  A worker ant zombie (D:6)
  8 adders
  3 worms
  3 dart slugs
  5 giant geckos
  20 orcs
  6 giant cockroaches
  10 goblins
  7 hobgoblins
  10 jackals
  6 kobolds
  4 quokkas
  A ball python skeleton (D:4)
  6 bats
  A giant gecko skeleton (D:6)
  3 giant newts
  9 rats
  A fungus (D:2)
151 creatures vanquished.

Vanquished Creatures (others)
  A slave (D:4)
  A black bear (D:7)
  A gnoll sergeant (D:4)
  A worker ant (D:4)
  3 gnolls (D:4)
  2 orcs
  A giant cockroach (D:5)
10 creatures vanquished.

Grand Total: 161 creatures vanquished

Notes
Turn   | Place    | Note
--------------------------------------------------------------
     0 | D:1      | infojoueur the Octopode Monk began the quest for the Orb.
     0 | D:1      | Reached XP level 1. HP: 16/16 MP: 1/1
   362 | D:1      | Reached XP level 2. HP: 18/21 MP: 2/2
   781 | D:1      | Reached XP level 3. HP: 22/26 MP: 3/3
  1261 | D:2      | Reached skill level 3 in Stealth
  1286 | D:2      | Found a basalt altar of Yredelemnul.
  1294 | D:2      | Noticed Terence
  1301 | D:2      | Killed Terence
  1301 | D:2      | Reached XP level 4. HP: 14/31 MP: 4/4
  2450 | D:2      | Reached XP level 5. HP: 28/37 MP: 5/5
  2597 | D:2      | Noticed Crazy Yiuf
  2605 | D:2      | Killed Crazy Yiuf
  2605 | D:2      | Reached skill level 4 in Stealth
  2694 | D:3      | Noticed Natasha
  2702 | D:3      | Killed Natasha
  2886 | D:3      | Noticed Natasha
  2917 | D:3      | Killed Natasha
  2917 | D:3      | Reached skill level 5 in Stealth
  3061 | D:3      | Reached XP level 6. HP: 41/43 MP: 6/6
  3097 | D:3      | Noticed Natasha
  3105 | D:3      | Killed Natasha
  3551 | D:4      | Noticed a slave
  3552 | D:4      | Noticed a slave
  3553 | D:4      | Noticed a slave
  3554 | D:4      | Noticed Pikel
  3562 | D:4      | Noticed a slave
  3566 | D:4      | Killed Pikel
  3566 | D:4      | Reached skill level 5 in Fighting
  3566 | D:4      | Reached skill level 5 in Dodging
  3566 | D:4      | Reached skill level 7 in Stealth
  3566 | D:4      | Reached XP level 7. HP: 33/50 MP: 7/7
  4166 | D:5      | Entered Level 5 of the Dungeon
  4173 | D:5      | Noticed Menkaure
  4182 | D:5      | Killed Menkaure
  4182 | D:5      | Reached skill level 1 in Staves
  4182 | D:5      | Reached XP level 8. HP: 29/55 MP: 8/8
  5012 | D:5      | Found a white marble altar of Elyvilon.
  5039 | D:5      | Reached skill level 8 in Stealth
  5742 | D:6      | Found a staircase to the Ecumenical Temple.
  5820 | D:6      | Found Avock's Antique Weapon Emporium.
  6042 | D:6      | Gained mutation: You are frail (-10% HP). [mutagenic meat]
  6077 | D:6      | Found an ancient bone altar of Kikubaaqudgha.
  6138 | D:6      | Reached skill level 9 in Stealth
  6246 | D:6      | Found a sparkling altar of Nemelex Xobeh.
  6674 | D:7      | Reached XP level 9. HP: 49/56 MP: 9/9
  6987 | D:8      | Learned a level 3 spell: Confuse
  7458 | D:8      | Reached skill level 10 in Stealth
  8211 | D:8      | Found a bloodstained altar of Trog.
  8212 | D:8      | Found an iron altar of Okawaru.
  8316 | D:9      | Found a burning altar of Makhleb.
  8316 | D:9      | Noticed a cacodemon
  8480 | D:10     | Entered Level 10 of the Dungeon
  8510 | D:8      | HP: 1/57 [killer bee (8)]
  8512 | D:8      | Slain by a killer bee

Skill      XL: |  1  2  3  4  5  6  7  8  9 |
---------------+----------------------------+-----
Stealth        | 3 5 7 9 10 | 10.4
Dodging        | 4 5 6 7 |  7.1
Fighting       | 4 5 6 7 |  7.5
Axes           | 2 |  2.4
Staves         | 1 2 3 |  3.7
Short Blades   | |  0.6
Unarmed Combat | |  4.5

Action                   |  1- 3 |  4- 6 |  7- 9 || total
-------------------------+-------+-------+-------++-------
Melee: Dagger            |    53 |       |       ||    53
       Constrict         |    17 |    25 |    43 ||    85
       Tentacles         |    16 |    18 |    46 ||    80
       Punch             |     1 |     4 |    15 ||    20
       Hand axe          |       |    75 |       ||    75
       Quarterstaff      |       |    13 |   211 ||   224
  Use: Scroll            |     2 |     8 |     8 ||    18
       Potion            |       |     2 |     4 ||     6
 Stab: Sleeping          |     7 |     6 |    17 ||    30
       Distracted        |     1 |     1 |     1 ||     3
       Confused          |       |       |     2 ||     2
       Paralysed         |       |       |     1 ||     1
  Eat: Beef jerky        |     1 |     1 |     1 ||     3
       Chunk             |       |     3 |     4 ||     7
       Pizza             |       |     2 |       ||     2
       Bread ration      |       |       |     3 ||     3
       Meat ration       |       |       |     1 ||     1
Armor: Skin              |     3 |     6 |     7 ||    16
Dodge: Dodged            |    19 |    48 |   147 ||   214
Block: Other             |       |     8 |    28 ||    36
       Reflection        |       |       |     1 ||     1
